 Dungeon Crawl Stone Soup version 0.27-a0-1196-g3e9cee4cb2 (webtiles) character file.

Game seed: 13150296416471624734

11592 Glokmah the Prestidigitator (level 11, -6/90 HPs)
             Began as a Gnoll Artificer on May 29, 2021.
             Was a Priest of Ashenzari.
             Mangled by an eight-headed hydra (9 damage)
             ... on level 2 of the Lair of Beasts.
             The game lasted 00:24:32 (12451 turns).

Glokmah the Prestidigitator (Gnoll Artificer)      Turns: 12451, Time: 00:24:33

Health: -6/90      AC: 18    Str: 20    XL:     11   Next: 80%
Magic:  24/24      EV: 11    Int: 12    God:    Ashenzari [***...]
Gold:   1311       SH:  0    Dex: 12    Spells: 29/29 levels left

rFire    + . .     SeeInvis +   a - +6 dire flail "Mantic Seer" {vorpal, Melee, Cun} (curse)
rCold    . . .     Faith    .   (shield currently unavailable)
rNeg     + + .     Spirit   .   p - +0 chain mail
rPois    .         Reflect  .   j - +2 helmet "Profound Submission" {Evo, Self} (curse)
rElec    .         Harm     .   (no cloak)
rCorr    .         Rampage  +   (no gloves)
Will     .....     Clarity  +   K - +2 pair of boots "Manifest Vision" {rampage, Self, Fort} (curse)
Stlth    +.........             (no amulet)
HPRegen  0.25/turn              A - ring of positive energy
MPRegen  0.19/turn              D - ring of Ashenzari's Paranoia {rF+ rN+ Str+6, Bglg, Melee} (curse)

@: about to teleport
A: fangs 1, strong nose, distributed training
a: Renounce Religion, Shatter the Chains


You were on level 2 of the Lair of Beasts.
You worshipped Ashenzari.
Ashenzari was most pleased with you.
You visited 3 branches of the dungeon, and saw 11 of its levels.
You also visited: Gauntlet.

You collected 1311 gold pieces.

Inventory:

Hand Weapons
 a - the cursed +6 dire flail "Mantic Seer" (weapon) {vorpal, Melee, Cun}
   (You found it on level 4 of the Dungeon)

   It inflicts extra damage upon your enemies.
   It has a curse which improves the following skills: Melee Combat: Short
   Blades, Long Blades, Axes, Maces & Flails, Polearms, Staves and Unarmed
   Combat.
   Cunning:   Dodging and Stealth.
 b - a +0 rapier
Missiles
 i - 29 poisoned darts
 o - a throwing net
 x - a curare-tipped dart
Armour
 j - the cursed +2 helmet "Profound Submission" (worn) {Evo, Self}
   (You found it on level 2 of the Dungeon)

   It has a curse which improves the following skills: Evocations: Evocations.
   Introspection: Fighting and Spellcasting.
 p - a +0 chain mail (worn)
 K - the cursed +2 pair of boots "Manifest Vision" (worn) {rampage, Self, Fort}
   (You acquired it on level 2 of the Lair of Beasts)

   It has a curse which improves the following skills: Introspection: Fighting
   and Spellcasting.
   Fortitude: Armour and Shields.
Jewellery
 f - a ring of protection from fire
 A - a ring of positive energy (left hand)
 B - a ring of ice
 D - the cursed ring of Ashenzari's Paranoia (right hand) {rF+ rN+ Str+6, Bglg, Melee}
   (You acquired it on level 7 of the Dungeon)

   [ring of strength]

   It affects your strength (+6).
   It protects you from fire.
   It protects you from negative energy.
   It has a curse which improves the following skills: Beguiling: Conjurations,
   Hexes and Translocations.
   Melee Combat: Short Blades, Long Blades, Axes, Maces & Flails, Polearms,
   Staves and Unarmed Combat.
Wands
 c - a wand of flame (6) (quivered)
 d - a wand of charming (15)
 u - a wand of polymorph (9)
 F - a wand of paralysis (10)
 G - a wand of iceblast (23)
Scrolls
 g - 2 scrolls of fog
 h - 2 scrolls of immolation
 l - a scroll of magic mapping
 r - 3 scrolls of amnesia
 t - a scroll of teleportation
 y - a scroll of enchant weapon
 E - a scroll of enchant armour
 J - a scroll of fear
Potions
 k - a potion of flight
 m - 2 potions of mutation
 n - 2 potions of invisibility
 q - 3 potions of haste
 s - a potion of might
 v - 4 potions of heal wounds
 w - 2 potions of attraction
 z - a potion of brilliance
 C - 2 potions of curing
 H - a potion of ambrosia
Miscellaneous
 e - a piece from Xom's chessboard (11/15)
 I - a tin of tremorstones (2/2)


   Skills:
 + Level 7.2(10.1) Fighting
 + Level 6.6(9.6) Short Blades
 + Level 6.6(9.6) Long Blades
 + Level 6.6(9.6) Axes
 + Level 6.6(9.6) Maces & Flails
 + Level 6.6(9.6) Polearms
 + Level 6.6(9.6) Staves
 + Level 6.6 Slings
 + Level 6.6 Bows
 + Level 6.6 Crossbows
 + Level 6.6 Throwing
 + Level 8.1(10.0) Armour
 + Level 7.2(9.1) Dodging
 + Level 7.1(9.1) Stealth
 + Level 6.6(8.6) Shields
 + Level 6.6(9.6) Unarmed Combat
 + Level 6.6(9.6) Spellcasting
 + Level 5.5(7.4) Conjurations
 + Level 5.5(7.4) Hexes
 + Level 5.5 Summonings
 + Level 5.5 Necromancy
 + Level 5.5(7.4) Translocations
 + Level 5.5 Transmutations
 + Level 5.5 Fire Magic
 + Level 5.5 Ice Magic
 + Level 5.5 Air Magic
 + Level 5.5 Earth Magic
 + Level 5.5 Poison Magic
 + Level 7.3 Invocations
 + Level 9.4(11.2) Evocations


You had 29 spell levels left.
You didn't know any spells.
Your spell library contained the following spells:

 Spells                   Type           Power      Damage    Failure   Level
 Animate Skeleton         Necr           38%        N/A       9%          1
 Pain                     Necr           76%        1d7       9%          1
 Summon Small Mammal      Summ           76%        N/A       9%          1
 Call Imp                 Summ           19%        N/A       14%         2
 Summon Guardian Golem    Hex/Summ       21%        N/A       19%         3
 Call Canine Familiar     Summ           19%        N/A       26%         3
 Vampiric Draining        Necr           9%         2d7       26%         3
 Animate Dead             Necr           9%         N/A       65%         4
 Summon Ice Beast         Ice/Summ       19%        N/A       65%         4
 Summon Lightning Spire   Summ/Air       19%        N/A       65%         4
 Agony                    Necr           19%        N/A       94%         5


Dungeon Overview and Level Annotations

Branches:
Dungeon (8/15)             Temple (1/1) D:4            Lair (2/6) D:8
  Snake (0/4) Lair:2      Gauntlet (visited)
  Swamp: Lair:2-4    Shoals: Lair:2-4

Altars:
Ashenzari
Dithmenos
Fedhas
Hepliaklqana
Kikubaaqudgha
Nemelex Xobeh
Qazlal
Wu Jian
Xom
The Shining One

Shops:
D:1 *![   D:2 =


Innate Abilities, Weirdness & Mutations

You have very sharp teeth.
Your uncanny sense of smell can sniff out nearby items.
Your experience applies equally to all skills.


Message History

The eight-headed hydra flickers and vanishes for a moment.
There is a stone staircase leading up here.
You hit the eight-headed hydra.
The eight-headed hydra is lightly wounded.
The eight-headed hydra bites you! x2
The eight-headed hydra bites you but does no damage.
The eight-headed hydra bites you.
The eight-headed hydra closely misses you.
The eight-headed hydra bites you but does no damage.
The eight-headed hydra misses you. The eight-headed hydra bites you.
Aiming: Polymorph
Press: ? - help, Shift-Dir - straight line, f - eight-headed hydra
Aim: an eight-headed hydra (lightly wounded, strong, slightly transparent, will become a cyclops, a tyrant leech, or an emperor scorpion, chance to affect: 40%)
Okay, then.
Unknown command.
Aiming: Polymorph
Press: ? - help, Shift-Dir - straight line, f - eight-headed hydra
Aim: an eight-headed hydra (lightly wounded, strong, slightly transparent, will become a cyclops, a tyrant leech, or an emperor scorpion, chance to affect: 40%)
The eight-headed hydra resists with some effort.
The eight-headed hydra barely misses you.
The eight-headed hydra bites you!
The eight-headed hydra barely misses you.
The eight-headed hydra closely misses you.
The eight-headed hydra barely misses you.
The eight-headed hydra bites you!
The eight-headed hydra completely misses you.
The eight-headed hydra bites you.
Okay, then.
Unknown command.
As you read the scroll of teleportation, it crumbles to dust.
You feel strangely unstable. The eight-headed hydra bites you.
* * * LOW HITPOINT WARNING * * *
The eight-headed hydra bites you!
* * * LOW HITPOINT WARNING * * *
The eight-headed hydra bites you but does no damage. x2
The eight-headed hydra barely misses you.
The eight-headed hydra bites you!
* * * LOW HITPOINT WARNING * * *
The eight-headed hydra bites you!
You die...

##.#.##.##### * #.#......(..# *
######..........# *## ***** *
....###.........# ####P####.,,* *
......P........####...........***
....#>P........#..............*,*
..............................,**
..........)....#.##...........*,,
.....<#....[...'@D#...........*,*
....##.....รท.).#.#............,,*
##.#.#..........##............***
#######....>....###....####.*** *
..### ##..###+P## ####.##**** *
.P..# #.......## #..#*,* *
...####....#.##** #^....#*****
.####...........* ***##.#+.#,,**,
...###..........* *,,,...,,..,**,


You could see an eight-headed hydra (strong, invisible).

Vanquished Creatures
  Gastronok (D:8)
  A hydra (Lair:1)
  2 two-headed ogres (D:8)
  The ghost of Froggeryz the Basher, a novice DrBe of Trog (D:7)
  2 cane toads
  A black mamba (Lair:2)
  Maggie (D:7)
  A komodo dragon (D:8)
  A hornet (D:6)
  Prince Ribbit (D:7)
  Grinder (D:5)
  2 basilisks
  9 yaks (Lair:1)
  A steam dragon (D:8)
  Menkaure (D:4)
  8 water moccasins
  7 black bears
  An orc warrior (D:8)
  An ogre (D:6)
  3 centaurs
  A phantom (D:4)
  4 kobold brigands
  7 bullfrogs
  A scorpion (D:8)
  Dowan (D:5)
  A water moccasin skeleton (D:6)
  4 killer bees (D:8)
  2 howler monkeys
  3 wights (D:6)
  A centaur zombie (D:7)
  A hound (D:4)
  2 jellies
  3 orc priests
  Jessica (D:3)
  6 orc wizards
  A killer bee zombie (D:4)
  6 gnolls
  5 adders
  2 shadow imps
  A white imp (D:5)
  6 dart slugs
  12 orcs
  5 bats
  6 endoplasms
  2 giant cockroaches
  7 goblins
  3 hobgoblins
  3 jackals (D:1)
  3 quokkas
  4 ball pythons
  4 frilled lizards (D:1)
  18 kobolds
  4 rats
176 creatures vanquished.

Vanquished Creatures (collateral kills)
  Duvessa (D:5)
1 creature vanquished.

Vanquished Creatures (others)
  47 fungi
  44 plants
91 creatures vanquished.

Grand Total: 268 creatures vanquished

Notes
Turn   | Place    | Note
-------+----------+-------------------------------------------
     0 | D:1      | Glokmah the Gnoll Artificer began the quest for the Orb.
     0 | D:1      | Reached XP level 1. HP: 17/17 MP: 1/1
   198 | D:1      | Reached XP level 2. HP: 16/23 MP: 2/2
   206 | D:1      | Found Eryoxkap's Distillery.
   286 | D:1      | Found Fofipy's General Store.
   733 | D:1      | Reached XP level 3. HP: 28/28 MP: 3/3
   930 | D:1      | Found Zenih's Armour Shop.
  1184 | D:2      | Found Nyudo's Jewellery Shop.
  1515 | D:2      | Reached skill level 1 in Invocations
  1704 | D:2      | Reached skill level 1 in Short Blades
  1704 | D:2      | Reached skill level 1 in Long Blades
  1704 | D:2      | Reached skill level 1 in Axes
  1704 | D:2      | Reached skill level 1 in Maces & Flails
  1704 | D:2      | Reached skill level 1 in Polearms
  1704 | D:2      | Reached skill level 1 in Staves
  1704 | D:2      | Reached skill level 1 in Slings
  1704 | D:2      | Reached skill level 1 in Bows
  1704 | D:2      | Reached skill level 1 in Crossbows
  1704 | D:2      | Reached skill level 1 in Throwing
  1704 | D:2      | Reached skill level 1 in Shields
  1704 | D:2      | Reached skill level 1 in Unarmed Combat
  1704 | D:2      | Reached skill level 1 in Spellcasting
  1869 | D:2      | Reached XP level 4. HP: 23/34 MP: 5/5
  2292 | D:2      | Reached skill level 1 in Conjurations
  2292 | D:2      | Reached skill level 1 in Hexes
  2292 | D:2      | Reached skill level 1 in Summonings
  2292 | D:2      | Reached skill level 1 in Necromancy
  2292 | D:2      | Reached skill level 1 in Translocations
  2292 | D:2      | Reached skill level 1 in Transmutations
  2292 | D:2      | Reached skill level 1 in Fire Magic
  2292 | D:2      | Reached skill level 1 in Ice Magic
  2292 | D:2      | Reached skill level 1 in Air Magic
  2292 | D:2      | Reached skill level 1 in Earth Magic
  2292 | D:2      | Reached skill level 1 in Poison Magic
  2324 | D:2      | Found a faded altar of an unknown god.
  2851 | D:3      | Noticed Jessica
  2852 | D:3      | Killed Jessica
  2853 | D:3      | Reached XP level 5. HP: 40/40 MP: 5/7
  3396 | D:4      | Found a staircase to the Ecumenical Temple.
  3405 | Temple   | Entered the Ecumenical Temple
  3420 | Temple   | Became a worshipper of Ashenzari the Shackled
  3579 | D:4      | Noticed Menkaure
  3585 | D:4      | Killed Menkaure
  3586 | D:4      | Reached skill level 5 in Armour
  3586 | D:4      | Reached XP level 6. HP: 24/47 MP: 8/8
  3829 | D:4      | Noticed Blork the orc
  3834 | D:4      | Noticed Blork
  3834 | D:4      | Blork the orc changed into Blork the howler monkey
  3839 | D:4      | Killed Blork the howler monkey
  4133 | D:4      | Reached XP level 7. HP: 46/52 MP: 10/10
  4189 | D:4      | Noticed Edmund
  4193 | D:4      | Noticed Edmund
  4193 | D:4      | Edmund changed into Edmund the jelly
  4199 | D:4      | Killed Edmund the jelly
  4421 | D:4      | Reached skill level 7 in Evocations
  4530 | D:5      | Entered Level 5 of the Dungeon
  4785 | D:5      | Noticed Grinder
  4795 | D:5      | Killed Grinder
  4796 | D:5      | Reached XP level 8. HP: 59/60 MP: 10/12
  4981 | D:5      | Noticed Duvessa
  5030 | D:5      | Killed Duvessa
  5048 | D:5      | Noticed Dowan
  5437 | D:5      | Killed Dowan
  6159 | D:5      | Reached XP level 9. HP: 61/68 MP: 15/15
  6415 | D:6      | Noticed a hornet
  6416 | D:6      | Reached * piety under Ashenzari
  6416 | D:6      | Reached ** piety under Ashenzari
  6426 | D:6      | Killed a hornet
  6644 | D:6      | Identified a scroll of acquirement
  6886 | D:7      | Acquired the ring "Aproetra" {rF+ rN+ Str+6}
  6968 | D:7      | Noticed Prince Ribbit
  6979 | D:7      | Reached skill level 5 in Fighting
  6979 | D:7      | Reached skill level 5 in Dodging
  7084 | D:7      | Killed Prince Ribbit
  7182 | D:7      | Noticed Maggie
  7208 | D:7      | Reached skill level 5 in Stealth
  7264 | D:7      | Killed Maggie
  7265 | D:7      | Reached skill level 5 in Invocations
  7265 | D:7      | Reached skill level 8 in Evocations
  7407 | D:7      | Found a runed translucent door.
  7412 | D:7      | Noticed Froggeryz's ghost (novice DrBe)
  7589 | D:7      | Found an ancient bone altar of Kikubaaqudgha.
  7677 | D:7      | Killed Froggeryz's ghost
  7678 | D:7      | Reached XP level 10. HP: 54/79 MP: 19/19
  7808 | D:8      | Noticed a two-headed ogre
  7815 | D:8      | Killed a two-headed ogre
  7816 | D:8      | Reached skill level 5 in Short Blades
  7816 | D:8      | Reached skill level 5 in Long Blades
  7816 | D:8      | Reached skill level 5 in Axes
  7816 | D:8      | Reached skill level 5 in Maces & Flails
  7816 | D:8      | Reached skill level 5 in Polearms
  7816 | D:8      | Reached skill level 5 in Staves
  7816 | D:8      | Reached skill level 5 in Slings
  7816 | D:8      | Reached skill level 5 in Bows
  7816 | D:8      | Reached skill level 5 in Crossbows
  7816 | D:8      | Reached skill level 5 in Throwing
  7816 | D:8      | Reached skill level 5 in Shields
  7816 | D:8      | Reached skill level 5 in Unarmed Combat
  7816 | D:8      | Reached skill level 5 in Spellcasting
  8149 | D:8      | Noticed a two-headed ogre
  8158 | D:8      | Killed a two-headed ogre
  8921 | D:8      | Found a staircase to the Lair.
  9183 | D:8      | Noticed Gastronok
  9353 | D:8      | Killed Gastronok
  9354 | D:8      | Reached skill level 5 in Conjurations
  9354 | D:8      | Reached skill level 5 in Hexes
  9354 | D:8      | Reached skill level 5 in Summonings
  9354 | D:8      | Reached skill level 5 in Necromancy
  9354 | D:8      | Reached skill level 5 in Translocations
  9354 | D:8      | Reached skill level 5 in Transmutations
  9354 | D:8      | Reached skill level 5 in Fire Magic
  9354 | D:8      | Reached skill level 5 in Ice Magic
  9354 | D:8      | Reached skill level 5 in Air Magic
  9354 | D:8      | Reached skill level 5 in Earth Magic
  9354 | D:8      | Reached skill level 5 in Poison Magic
  9354 | D:8      | Reached skill level 9 in Evocations
  9354 | D:8      | Reached XP level 11. HP: 39/86 MP: 20/22
 10163 | Lair:1   | Entered Level 1 of the Lair of Beasts
 10555 | Lair:1   | Noticed a four-headed hydra
 10566 | Lair:1   | Killed a four-headed hydra
 10940 | Lair:1   | Acquired 793 gold pieces
 11770 | Lair:2   | Acquired a +1 pair of boots of rampaging
 11809 | Lair:2   | Found a gate leading to a gauntlet.
 11829 | Gauntlet | Entered a Gauntlet
 11829 | Gauntlet | Found a transporter.
 11829 | Gauntlet | Found a runed translucent door.
 11829 | Gauntlet | Found a runed translucent door.
 11876 | Gauntlet | Found a transporter.
 11879 | Gauntlet | Found a transporter.
 11883 | Gauntlet | Noticed a worldbinder
 11890 | Gauntlet | Found a transporter.
 11893 | Gauntlet | Found a transporter.
 11895 | Gauntlet | Noticed a brown ugly thing
 11897 | Gauntlet | Noticed a white ugly thing
 11898 | Gauntlet | Noticed a glowing orange brain
 11905 | Gauntlet | Found a transporter.
 11922 | Gauntlet | Found a transporter.
 11933 | Gauntlet | Found a transporter.
 11940 | Gauntlet | Noticed a death scarab
 11940 | Gauntlet | Noticed a spectral catoblepas
 11942 | Gauntlet | Noticed a death scarab
 11942 | Gauntlet | Noticed a spectral death yak
 11943 | Gauntlet | Identified the amulet "Tianlacu" {RegenMP Str+4}
 11944 | Gauntlet | Found a transporter.
 11948 | Gauntlet | Found a runed translucent door.
 11964 | Gauntlet | Found a transporter.
 11974 | Gauntlet | Found a transporter.
 11974 | Gauntlet | Found a transporter.
 12035 | Gauntlet | Found a transporter.
 12035 | Gauntlet | Found a transporter.
 12293 | Lair:2   | Reached *** piety under Ashenzari
 12436 | Lair:2   | Noticed an eight-headed hydra
 12451 | Lair:2   | HP: 3/90 [eight-headed hydra (17)]
 12451 | Lair:2   | Mangled by an eight-headed hydra

Illustrated notes

Levels and vault maps discovered:
D:1:      amcnicky_arrival_feature_with_door, layout_basic, serial_shops, shop,
          nicolae_shop_crystal, shop, minmay_heptomino_l4
D:2:      layout_loops_ring, serial_shops, shop,
          hellmonk_ecumenical_altar_prayer_group, minmay_fountain_box
D:3:      layout_loops_ring, uniq_jessica
D:4:      layout_cave_pools, minmay_temple_entry_slanted, uniq_blork_the_orc,
          uniq_edmund, uniq_menkaure
D:5:      layout_rooms, uniq_grinder, uniq_duvessa
D:6:      layout_basic
D:7:      layout_cave_pools, lemuel_coloured_pillars_altar,
          ebering_ghost_reflecting_pool, uniq_maggie, uniq_prince_ribbit1
D:8:      layout_loops_ring, due_lair_maze_entry_diamond,
          kennysheep_pointless_box, uniq_gastronok
Temple:   compressed_dpeg_triangle_lava_temple
Lair:1:   layout_cave_pods, chequers_serial_rivers_small_3, patterned_corridor
Lair:2:   layout_roguey, minmay_snake_entry_six_corridors,
          gauntlet_entry_generic, uniq_sonja

Skill      XL: |  1  2  3  4  5  6  7  8  9 10 11 |
---------------+----------------------------------+-----
Invocations    | 1 2 3 4 5 6 7 |  7.3
Short Blades   | 1 2 3 4 6 |  6.6
Long Blades    | 1 2 3 4 6 |  6.6
Axes           | 1 2 3 4 6 |  6.6
Maces & Flails | 1 2 3 4 6 |  6.6
Polearms       | 1 2 3 4 6 |  6.6
Staves         | 1 2 3 4 6 |  6.6
Slings         | 1 2 3 4 6 |  6.6
Bows           | 1 2 3 4 6 |  6.6
Crossbows      | 1 2 3 4 6 |  6.6
Throwing       | 1 2 3 4 6 |  6.6
Shields        | 1 2 3 4 6 |  6.6
Unarmed Combat | 1 2 3 4 6 |  6.6
Spellcasting   | 1 2 3 4 6 |  6.6
Conjurations   | 1 2 3 4 5 |  5.5
Hexes          | 1 2 3 4 5 |  5.5
Summonings     | 1 2 3 4 5 |  5.5
Necromancy     | 1 2 3 4 5 |  5.5
Translocations | 1 2 3 4 5 |  5.5
Transmutations | 1 2 3 4 5 |  5.5
Fire Magic     | 1 2 3 4 5 |  5.5
Ice Magic      | 1 2 3 4 5 |  5.5
Air Magic      | 1 2 3 4 5 |  5.5
Earth Magic    | 1 2 3 4 5 |  5.5
Poison Magic   | 1 2 3 4 5 |  5.5
Fighting       | 3 4 5 6 7 |  7.2
Dodging        | 3 4 5 6 7 |  7.2
Armour         | 5 6 7 8 |  8.1
Stealth        | 3 4 5 6 7 |  7.1
Evocations     | 7 8 9 |  9.4

Action                   |  1- 3 |  4- 6 |  7- 9 | 10-12 || total
-------------------------+-------+-------+-------+-------++-------
Melee: Short sword       |    85 |       |       |       ||    85
       Club              |     7 |       |       |       ||     7
       Bite              |    12 |    11 |    22 |    29 ||    74
       Rapier            |    39 |   120 |     8 |       ||   167
       Punch             |       |     2 |       |       ||     2
       Dire flail        |       |       |   188 |   220 ||   408
Invok: Curse Item        |       |       |     2 |     2 ||     4
Evoke: Wand              |       |     9 |     2 |     2 ||    13
       Piece from Xom's  |       |       |     5 |     6 ||    11
  Use: Scroll            |       |       |     3 |     6 ||     9
       Potion            |       |       |     1 |     1 ||     2
 Stab: Sleeping          |     3 |       |       |       ||     3
       Petrified         |       |       |    13 |       ||    13
       Confused          |       |       |     1 |       ||     1
       Paralysed         |       |       |       |     2 ||     2
Armor: Leather armour    |    24 |       |       |       ||    24
       Scale mail        |    51 |    52 |    89 |    72 ||   264
       Chain mail        |       |       |       |    56 ||    56
Dodge: Dodged            |    81 |    61 |    97 |   144 ||   383

Table legend: (Time is in decaauts)
 A = Elapsed time spent in this place.
 B = Non-inter-level travel time spent in this place.
 C = Inter-level travel time spent in this place.
 D = Time resting spent in this place.
 E = Time spent auto-exploring this place.
 F = Levels seen in this place.
 G = Mean time per level.
                   A        B        C        D        E       F      G
               +--------+--------+--------+--------+--------+-----+--------+
         Total |  12525 |  11843 |    682 |   3045 |   6497 |  12 | 1043.8 |
       Dungeon |  10227 |   9556 |    671 |   2592 |   5168 |   8 | 1278.4 |
        Temple |     21 |     21 |      0 |      0 |      0 |   1 |   21.0 |
          Lair |   1833 |   1822 |     11 |    453 |   1045 |   2 |  916.5 |
      Gauntlet |    443 |    443 |      0 |      0 |    284 |   1 |  443.0 |
               +--------+--------+--------+--------+--------+-----+--------+

Top non-repeatable levels by time:
     D:7: 1694 daAuts
  Lair:1: 1568 daAuts
     D:8: 1419 daAuts
     D:1: 1410 daAuts
     D:4: 1382 daAuts
     D:2: 1264 daAuts
     D:6: 1076 daAuts
     D:5: 1031 daAuts
     D:3: 948 daAuts
Gauntlet: 443 daAuts
  Lair:2: 264 daAuts
  Temple: 21 daAuts
